 Dungeon Crawl Stone Soup version 0.28-a0-178-ga708605c5b (webtiles) character file.

Game seed: 16954507474838651773

3000 Spaninq the Carver (level 9, -2/77 HPs)
             Began as a Palentonga Transmuter on Aug 17, 2021.
             Slain by a killer bee (5 damage)
             ... on level 7 of the Dungeon.
             The game lasted 00:18:52 (8813 turns).

Spaninq the Carver (Palentonga Transmuter)          Turns: 8813, Time: 00:18:53

Health: -2/77      AC: 13    Str: 15 (16) XL:     9   Next: 54%
Magic:  13/13      EV:  9    Int: 14 (15) God:
Gold:   345        SH:  0    Dex:  9 (10) Spells: 11/14 levels left

rFire   . . .      SeeInvis +   i - +2 demon blade (elec)
rCold   . . .      Faith    .   (no shield)
rNeg    . . .      Spirit   .   k - +0 steam dragon scales
rPois   .          Reflect  .   (no helmet)
rElec   .          Harm     .   q - +0 cloak
rCorr   .          Rampage  .   (no gloves)
Will    .....                   (no barding)
Stlth   +.........              (no amulet)
HPRegen 0.22/turn               (no ring)
MPRegen 0.13/turn               (no ring)

@: curled up
A: large, rugged brown scales 3, see invisible, deformed body, roll 1, armoured
tail, reflexive curl
a: Rolling Charge


You were on level 7 of the Dungeon.
You visited 2 branches of the dungeon, and saw 9 of its levels.

You collected 345 gold pieces.

Inventory:

Hand Weapons
 a - a +2 long sword
 i - a +2 demon blade of electrocution (weapon)
Missiles
 e - 7 throwing nets
Armour
 k - +0 steam dragon scales (worn)
 q - a +0 cloak (worn)
Magical Staves
 g - a staff of poison
Wands
 j - a wand of iceblast (5)
 l - a wand of paralysis (10)
 o - a wand of polymorph (10)
Scrolls
 b - a scroll of amnesia
 c - 3 scrolls of identify
 d - 2 scrolls of blinking
Potions
 f - 2 potions of might
 n - 4 potions of curing
 p - 2 potions of heal wounds
 r - a potion of flight


   Skills:
 + Level 7.3 Fighting
 * Level 9.4 Long Blades
 - Level 1.5 Dodging
 - Level 5.1 Unarmed Combat
 - Level 3.2 Spellcasting
 - Level 3.4 Transmutations


You had 11 spell levels left.
You knew the following spells:

 Your Spells              Type           Power      Damage    Failure   Level
a - Beastly Appendage     Tmut           22%        N/A       4%          1
b - Wereblood             Tmut           11%        N/A       8%          2

Your spell library contained the following spells:

 Spells                   Type           Power      Damage    Failure   Level
 Magic Dart               Conj           8%         1d3       22%         1
 Spider Form              Tmut/Pois      3%         N/A       30%         3
 Searing Ray              Conj           4%         3d3       32%         2
 Ice Form                 Ice/Tmut       7%         N/A       71%         4
 Fulminant Prism          Conj/Hex       1%         3d6       91%         4


Dungeon Overview and Level Annotations

Branches:
Dungeon (8/15)             Temple (1/1) D:6
   Lair: D:8-11

Altars:
Ashenzari
Dithmenos
Fedhas
Gozag
Hepliaklqana
Kikubaaqudgha
Makhleb
Nemelex Xobeh
Qazlal
Ru
Sif Muna
Trog
Uskayaw
Vehumet
Xom
Yredelemnul
Zin
The Shining One


Innate Abilities, Weirdness & Mutations

You are completely covered in rugged brown scales. (AC +3, +7% HP)
You have supernaturally acute eyesight. (SInv)
Armour fits poorly on your strangely shaped body.
You can roll at nearby foes to attack.
You have a long armoured tail.
You curl defensively after being hit.


Message History

The killer bee stings you but does no damage.
The killer bee completely misses you.
You riposte.
You hit the killer bee.
The killer bee is moderately wounded.
The killer bee stings you.
* * * LOW HITPOINT WARNING * * *
You are poisoned.
The killer bee poisons you! The killer bee stings you.
* * * LOW HITPOINT WARNING * * *
You are more poisoned.
The killer bee poisons you!
You feel better.
The killer bee stings you but does no damage.
The killer bee stings you!
* * * LOW HITPOINT WARNING * * *
The killer bee closely misses you. The killer bee misses you.
The killer bee stings you.
* * * LOW HITPOINT WARNING * * *
The killer bee barely misses you.
You riposte.
You miss the killer bee.
The killer bee is moderately wounded.
The killer bee stings you but does no damage.
The killer bee stings you.
* * * LOW HITPOINT WARNING * * *
The killer bee closely misses you.
There is a stone staircase leading up here.
The killer bee stings you.
* * * LOW HITPOINT WARNING * * *
You are poisoned.
The killer bee poisons you! The killer bee stings you.
* * * LOW HITPOINT WARNING * * *
You climb upwards.
* * * LOW HITPOINT WARNING * * *
You feel sick.
There is a stone staircase leading down here.
You feel better. The killer bee barely misses you. x2
You closely miss the killer bee.
The killer bee is moderately wounded.
The killer bee stings you!
* * * LOW HITPOINT WARNING * * *
The killer bee stings you.
You die...

.................#
.................#
.................#
.......##........#
.#.....##........#
.#.....##........#
.......#.........#
......##........y#
......##........@#
................##
................#
................#
.............<..#
................#
................#
................#
................#


You could see a killer bee.

Vanquished Creatures
  Pikel (D:6)
  A hornet (D:8)
  A shadow (D:7)
  2 wraiths
  A steam dragon (D:7)
  Menkaure (D:6)
  An ice beast (D:6)
  A black bear (D:7)
  2 necrophages (D:6)
  A centaur (D:6)
  3 lemures (D:6)
  A bullfrog (D:7)
  3 scorpions (D:5)
  2 killer bees
  6 wights
  A jelly (D:7)
  A hound (D:6)
  A gnoll shaman (D:7)
  4 bullfrog skeletons
  3 iguanas (D:5)
  An orc wizard (D:4)
  A killer bee zombie (D:7)
  2 hound skeletons (D:4)
  2 howler monkey zombies
  10 gnolls
  7 adders
  A shadow imp (D:6)
  2 white imps
  A worm (D:2)
  5 dart slugs
  14 orcs
  5 bats
  7 endoplasms
  3 giant cockroaches
  5 goblins
  7 hobgoblins
  8 jackals
  8 kobolds
  2 quokkas
  11 ball pythons
  4 frilled lizards
  8 rats
151 creatures vanquished.

Notes
Turn   | Place    | Note
-------+----------+-------------------------------------------
     0 | D:1      | Spaninq the Palentonga Transmuter began the quest for the
                  | Orb.
     0 | D:1      | Reached XP level 1. HP: 16/16 MP: 3/3
   417 | D:1      | Reached XP level 2. HP: 22/22 MP: 3/5
   523 | D:1      | Learned a level 2 spell: Wereblood
  1173 | D:1      | Reached XP level 3. HP: 21/27 MP: 4/6
  1944 | D:2      | Found a faded altar of an unknown god.
  2180 | D:2      | Found a burning altar of Makhleb.
  2218 | D:2      | Reached XP level 4. HP: 34/35 MP: 5/7
  3255 | D:3      | Reached XP level 5. HP: 40/40 MP: 7/9
  4322 | D:4      | Reached XP level 6. HP: 44/49 MP: 8/10
  4360 | D:4      | Reached skill level 5 in Unarmed Combat
  4731 | D:5      | Entered Level 5 of the Dungeon
  4791 | D:5      | Reached skill level 1 in Long Blades
  4794 | D:5      | Reached skill level 2 in Long Blades
  4796 | D:5      | Gained mutation: You curl defensively after being hit.
                  | [Palentonga growth]
  4796 | D:5      | Reached XP level 7. HP: 44/55 MP: 11/11
  4951 | D:5      | Reached skill level 3 in Long Blades
  5168 | D:5      | Found a bloodstained altar of Trog.
  5460 | D:6      | Noticed Pikel
  5463 | D:6      | Reached skill level 4 in Long Blades
  5472 | D:6      | Killed Pikel
  5473 | D:6      | Reached skill level 5 in Fighting
  5473 | D:6      | Reached skill level 5 in Long Blades
  5473 | D:6      | Reached XP level 8. HP: 59/66 MP: 12/12
  5513 | D:6      | Found a staircase to the Ecumenical Temple.
  5522 | Temple   | Entered the Ecumenical Temple
  6242 | D:6      | Noticed Menkaure
  6245 | D:6      | Killed Menkaure
  6246 | D:6      | Reached skill level 6 in Long Blades
  6610 | D:6      | Reached skill level 7 in Long Blades
  6734 | D:6      | Found an ancient bone altar of Kikubaaqudgha.
  6952 | D:6      | Found a shimmering blue altar of Sif Muna.
  7170 | D:7      | Reached XP level 9. HP: 28/74 MP: 13/13
  7445 | D:7      | Reached skill level 8 in Long Blades
  7706 | D:7      | Found a hazy altar of Hepliaklqana.
  8389 | D:8      | Reached skill level 9 in Long Blades
  8532 | D:8      | Found a basalt altar of Yredelemnul.
  8745 | D:8      | Paralysed by a hornet for 2 turns
  8751 | D:8      | Noticed a two-headed ogre
  8752 | D:8      | Paralysed by a hornet for 2 turns
  8813 | D:7      | HP: 3/77 [killer bee (8)]
  8813 | D:7      | Slain by a killer bee

Illustrated notes

Levels and vault maps discovered:
D:1:      minmay_arrival_stair_chambers, layout_loops_corners,
          minmay_misc_feat_alley, skrybe_limestone_x
D:2:      layout_basic, basic_altar, shapermc_ecumenical_altar_venn,
          corexii_corridor_pit
D:3:      layout_loops_ring
D:4:      layout_rooms
D:5:      layout_cave_pools, mainiacjoe_overflow_alcove_4
D:6:      layout_loops_ring, old_standard_altar, kennysheep_mini, temple_hall,
          uniq_menkaure, uniq_pikel
D:7:      layout_basic, worldfamousw_hep_ancestral_shrine
D:8:      layout_loops_ring, lemuel_round_altar, nicolae_overflow_hidden_temple,
          kennysheep_pointless_box
Temple:   oiseaux_autumnal_temple

Skill      XL: |  1  2  3  4  5  6  7  8  9 |
---------------+----------------------------+-----
Unarmed Combat | 4 5 |  5.1
Fighting       | 2 3 5 6 7 |  7.3
Transmutations | 3 |  3.4
Spellcasting   | 3 |  3.2
Long Blades    | 2 5 7 9 |  9.4
Dodging        | |  1.5

Action                   |  1- 3 |  4- 6 |  7- 9 || total
-------------------------+-------+-------+-------++-------
Melee: Unarmed           |   136 |    57 |       ||   193
       Kick              |    19 |    16 |     5 ||    40
       Tailslap          |     5 |    11 |     9 ||    25
       Punch             |     1 |     2 |     4 ||     7
       Headbutt          |    12 |    21 |     4 ||    37
       Dagger            |       |    67 |       ||    67
       Demon blade       |       |    14 |   150 ||   164
 Cast: Beastly Appendage |    29 |    25 |     7 ||    61
       Wereblood         |     2 |     5 |       ||     7
 Abil: Rolling Charge    |     8 |    14 |    29 ||    51
  Use: Scroll            |       |       |    11 ||    11
       Potion            |       |       |    10 ||    10
Armor: Robe              |    50 |    31 |    13 ||    94
       Steam dragon scal |       |       |    25 ||    25
Dodge: Dodged            |    67 |    56 |    71 ||   194
       Rpst.: Demon blade |       |     1 |    15 ||    16

Table legend: (Time is in decaauts)
 A = Elapsed time spent in this place.
 B = Non-inter-level travel time spent in this place.
 C = Inter-level travel time spent in this place.
 D = Time resting spent in this place.
 E = Time spent auto-exploring this place.
 F = Levels seen in this place.
 G = Mean time per level.
                   A        B        C        D        E       F      G
               +--------+--------+--------+--------+--------+-----+--------+
         Total |   8851 |   8575 |    276 |   1552 |   5714 |   9 |  983.4 |
       Dungeon |   8542 |   8280 |    262 |   1552 |   5440 |   8 | 1067.8 |
        Temple |    308 |    294 |     14 |      0 |    274 |   1 |  308.0 |
               +--------+--------+--------+--------+--------+-----+--------+

Top non-repeatable levels by time:
     D:1: 1554 daAuts
     D:3: 1271 daAuts
     D:2: 1215 daAuts
     D:7: 1210 daAuts
     D:6: 1203 daAuts
     D:5: 870 daAuts
     D:4: 681 daAuts
     D:8: 535 daAuts
  Temple: 308 daAuts
